 Dungeon Crawl Stone Soup version 0.30-a0-187-gd9c2deaf24 (webtiles) character file.

Game seed: 11667810679277424049

360 pokeman the Magician (level 6, -1/34 HPs)
             Began as a Deep Elf Hedge Wizard on Oct 3, 2022.
             Slain by Menkaure (20 damage)
             ... on level 4 of the Dungeon on Oct 4, 2022.
             The game lasted 00:07:16 (3700 turns).

pokeman the Magician (Deep Elf Hedge Wizard)        Turns: 3700, Time: 00:07:17

Health: -1/34      AC:  7    Str:  7    XL:     6   Next: 38%
Magic:  12/18      EV: 12    Int: 21    God:
Gold:   230        SH:  0    Dex: 14    Spells: 11/19 levels left

rFire   . . .      SeeInvis .    v - +0 war axe
rCold   . . .      Faith    .    (no shield)
rNeg    . . .      Spirit   .    f - +0 leather armour
rPois   .          Reflect  .    g - +0 helmet
rElec   .          Harm     .    p - +0 cloak
rCorr   .          Rampage  .    e - +1 pair of gloves
Will    .....                    (no boots)
Stlth   ++........               (no amulet)
HPRegen 0.25/turn                (no ring)
MPRegen 0.16/turn                (no ring)

@: very slightly contaminated
A: no striking features
a: no special abilities


You were on level 4 of the Dungeon.
You visited 1 branch of the dungeon, and saw 4 of its levels.

You collected 230 gold pieces.

Inventory:

Hand Weapons
 v - a +0 war axe (weapon)
Armour
 e - a +1 pair of gloves (worn)
 f - a +0 leather armour (worn)
 g - a +0 helmet (worn)
 p - a +0 cloak (worn)
 t - the +1 ring mail of Watchfulness {Fly rPois Int+2 Dex-5}
   (You found it on level 2 of the Dungeon)

   Int:       It affects your intelligence (+2).
   Dex:       It affects your dexterity (-5).
   rPois:     It protects you from poison.
   Fly:       It grants you flight.
Scrolls
 a - a scroll of enchant weapon {unknown}
 h - 9 scrolls of identify {unknown}
 i - 3 scrolls of magic mapping {unknown}
 k - 2 scrolls of blinking {unknown}
 l - a scroll of silence {unknown}
 m - a scroll of noise {unknown}
 o - a scroll of teleportation {unknown}
 s - a scroll of acquirement {unknown}
 u - a scroll of amnesia {unknown}
 w - a scroll of enchant armour {unknown}
Potions
 b - a potion of heal wounds {unknown}
 c - a potion of attraction {unknown}
 d - a potion of magic
 j - a potion of mutation {unknown}
 n - 2 potions of invisibility {unknown}
 q - 3 potions of curing {unknown}
 r - 2 potions of berserk rage {unknown}
 x - a potion of brilliance {unknown}


   Skills:
 - Level 1.0 Fighting
 - Level 1.0 Armour
 - Level 3.2 Dodging
 - Level 3.3 Stealth
 * Level 7.0 Spellcasting
 + Level 3.2 Conjurations
 - Level 1.1 Summonings
 - Level 1.1 Translocations
 + Level 1.2 Air Magic
 + Level 1.4 Poison Magic


You had 11 spell levels left.
You knew the following spells:

 Your Spells              Type           Power      Damage    Failure   Level
a - Magic Dart            Conj           84%        1d7       3%          1
b - Mephitic Cloud        Conj/Pois/Air  15%        N/A       17%         3
c - Call Imp              Summ           12%        N/A       12%         2
d - Blink                 Tloc           24%        N/A       12%         2

Your spell library contained the following spells:

 Spells                   Type           Power      Damage    Failure   Level
 Beastly Appendage        Tmut           14%        N/A       13%         1
 Slow                     Hex            28%        N/A       13%         1
 Cigotuvi's Dreadful Rot  Necr/Pois/Air  22%        N/A       14%         2
 Wereblood                Tmut           7%         N/A       19%         2
 Spider Form              Tmut/Pois      10%        N/A       28%         3
 Confusing Touch          Hex            7%         N/A       36%         3
 Vampiric Draining        Necr           7%         2d6       36%         3


Dungeon Overview and Level Annotations

Branches:
Dungeon (4/15)
 Temple: D:4-7

Altars:
Ru

Annotations:
D:4 1 runed translucent door, Crazy Yiuf, Menkaure


Message History

The magic dart hits Menkaure.
Menkaure is moderately damaged.
Menkaure mumbles some strange words.
Menkaure seems to speed up.
Casting: Magic Dart (safe; 3% risk of failure)
Confirm with . or Enter, or press ? or * to list all spells.
A beastly little devil appears in a puff of flame.
Unknown command.
Your crimson imp blinks!
An endoplasm comes into view.
You swap places.
Your crimson imp hits Menkaure.
Menkaure hits your crimson imp!
Your crimson imp blinks!
Menkaure gestures at you while chanting.
Pain shoots through your body!
Your crimson imp hits Menkaure.
Your crimson imp hits Menkaure.
Casting: Call Imp (safe; 12% risk of failure)
Confirm with . or Enter, or press ? or * to list all spells.
Aiming: Magic Dart (safe; 3% risk of failure)
Press: ? - help, Shift-Dir - straight line, f/p - Menkaure
Aim: Menkaure (heavily damaged, fast, not watching you, ally target, 100% to hit)
The magic dart hits Menkaure.
Menkaure is heavily damaged.
Your crimson imp blinks!
Casting: Magic Dart (safe; 3% risk of failure)
Confirm with . or Enter, or press ? or * to list all spells.
Aiming: Magic Dart (safe; 3% risk of failure)
Press: ? - help, Shift-Dir - straight line, f/p - Menkaure
Aim: Menkaure (heavily damaged, fast, ally target, 100% to hit)
You miscast Magic Dart.
You are very lightly contaminated with residual magic.
Nothing appears to happen.
Your crimson imp blinks!
You hit Menkaure.
Menkaure is almost destroyed.
Menkaure giggles, "These cerements are ticklish..."
Menkaure hits you!!
Ouch! That really hurt!
You die...

#...))...# ##.# ##)
#.###....####..# ..J ###)#
#....##...## #.# #...#
#####.....# #..# ##.###
###....## ##..# #..#
##......######..###..# #
##.## #..........J..........
#.#..#
###...........#....#####
#....#####......@M######.####
###...........##### ..#
#............# .###
....##........# .# ###.
#.....^..## # #.
###.##..)......##.. .
.##.#............. .
.##...####.....#. .
.##..#........##...


You could see Menkaure (fast) and an endoplasm.

Vanquished Creatures
  A black bear (D:4)
  A hound (D:4)
  An orc priest (D:3)
  A jelly (D:4)
  A gnoll bouda (D:4)
  An orc wizard (D:4)
  3 gnolls (D:4)
  2 adders
  A dart slug (D:4)
  8 orcs
  7 endoplasms
  5 giant cockroaches
  6 goblins
  4 hobgoblins
  5 quokkas
  4 ball pythons
  7 bats
  A frilled lizard (D:2)
  4 kobolds
  3 rats
66 creatures vanquished.

Vanquished Creatures (collateral kills)
  An orc (D:3)
1 creature vanquished.

Grand Total: 67 creatures vanquished

Notes
Turn   | Place    | Note
-------+----------+-------------------------------------------
     0 | D:1      | pokeman the Deep Elf Hedge Wizard began the quest for the
                  | Orb.
     0 | D:1      | Reached XP level 1. HP: 10/10 MP: 7/7
   261 | D:1      | Reached XP level 2. HP: 16/16 MP: 7/9
   871 | D:2      | Reached skill level 5 in Spellcasting
  1073 | D:2      | Reached XP level 3. HP: 20/20 MP: 8/11
  1077 | D:2      | Learned a level 3 spell: Mephitic Cloud
  1080 | D:2      | Learned a level 2 spell: Call Imp
  1083 | D:2      | Learned a level 2 spell: Blink
  1432 | D:2      | Found a sacrificial altar of Ru.
  1585 | D:2      | Identified the +1 ring mail of Watchfulness {Fly rPois
                  | Int+2 Dex-5}
  1843 | D:3      | Reached skill level 1 in Fighting
  1843 | D:3      | Reached skill level 1 in Armour
  2377 | D:3      | Reached XP level 4. HP: 11/25 MP: 1/13
  2784 | D:4      | Noticed a black bear
  2904 | D:4      | Killed a black bear
  2905 | D:4      | Reached skill level 6 in Spellcasting
  2905 | D:4      | Reached XP level 5. HP: 19/29 MP: 2/15
  2939 | D:4      | Noticed Menkaure
  3100 | D:4      | Found a runed translucent door.
  3101 | D:4      | Noticed Crazy Yiuf
  3207 | D:4      | Reached skill level 1 in Poison Magic
  3207 | D:4      | Reached XP level 6. HP: 30/34 MP: 10/17
  3358 | D:4      | Reached skill level 1 in Air Magic
  3566 | D:4      | Reached skill level 7 in Spellcasting
  3700 | D:4      | Slain by Menkaure

Illustrated notes

Levels and vault maps discovered:
D:1:      amcnicky_arrival_blooded_trapdoor, layout_basic
D:2:      layout_basic, basic_altar, minmay_quadrilaterals
D:3:      layout_loops_cross, kennysheep_cluttered_room, feat_on_display
D:4:      layout_rooms, uniq_crazy_yiuf_cottage, uniq_menkaure

Skill      XL: |  1  2  3  4  5  6 |
---------------+-------------------+-----
Spellcasting   | 5 6 7 |  7.0
Fighting       | 1 |  1.0
Armour         | 1 |  1.0
Conjurations   | 2 3 |  3.2
Dodging        | 3 |  3.2
Stealth        | 3 |  3.3
Poison Magic   | 1 |  1.4
Air Magic      | 1 |  1.2
Summonings     | |  1.1
Translocations | |  1.1

Action                   |  1- 3 |  4- 6 || total
-------------------------+-------+-------++-------
Melee: Dagger            |    11 |       ||    11
       War axe           |     3 |    58 ||    61
       Punch             |       |     2 ||     2
 Cast: Magic Dart        |    88 |    68 ||   156
       Mephitic Cloud    |     2 |     8 ||    10
       Call Imp          |     1 |     2 ||     3
 Stab: Confused          |       |     5 ||     5
       Sleeping          |       |     1 ||     1
Armor: Leather armour    |    10 |    46 ||    56
Dodge: Dodged            |    24 |    53 ||    77

Table legend: (Time is in decaauts)
 A = Elapsed time spent in this place.
 B = Non-inter-level travel time spent in this place.
 C = Inter-level travel time spent in this place.
 D = Time resting spent in this place.
 E = Time spent auto-exploring this place.
 F = Levels seen in this place.
 G = Mean time per level.
                   A        B        C        D        E       F      G
               +--------+--------+--------+--------+--------+-----+--------+
         Total |   3731 |   3618 |    113 |    295 |   2731 |   4 |  932.8 |
       Dungeon |   3731 |   3618 |    113 |    295 |   2731 |   4 |  932.8 |
               +--------+--------+--------+--------+--------+-----+--------+

Top non-repeatable levels by time:
     D:3: 1199 daAuts
     D:2: 894 daAuts
     D:1: 859 daAuts
     D:4: 778 daAuts
